AoeStats
← Bear&Jerry's

Arena

504478890Analyzed
1v1 RM · 26d ago on Sep 5, 2026· 36m 5s· 2 players
Game mode
Random Map
Map size
Tiny (2 player)
Population
200
Speed
Normal
Resources
Standard
Victory
Conquest
Starting age
Dark Age
Ending age
Imperial Age
RankedLock teamsTeams togetherTeam positionsShared explorationLock speedFull tech treeHidden civsTurbo modeCheats
Victory
Defeat
🇩🇪 Burgundians · Germany
1028
+15
🇳🇱 Malay · Netherlands
1005
-15
Teeckwo
11:45 Feudal Age
11:43 Loom
12:14 Horse Collar
17:05 Castle Age
19:11 Double-Bit Axe
20:54 Gold Mining
22:50 Heavy Plow
23:05 Bow Saw
22:48 Stone Mining
23:38 Wheelbarrow
22:49 Town Watch
26:10 Husbandry
26:28 Forging
26:24 Scale Barding Armor
31:10 Imperial Age
31:10 Iron Casting
31:44 Crop Rotation
31:57 Gold Shaft Mining
32:50 Chemistry
33:02 Elite Battle Elephant
35:35 Blast Furnace
Bear&Jerry's
4:11 Loom
8:32 Double-Bit Axe
8:59 Horse Collar
12:33 Feudal Age
17:40 Castle Age
16:22 Bow Saw
16:20 Heavy Plow
18:28 Wheelbarrow
20:00 Two-Man Saw
19:33 Crop Rotation
21:48 Hand Cart
22:53 Stone Mining
22:55 Gold Mining
24:42 Gold Mining
26:11 Gold Shaft Mining
26:13 Stone Shaft Mining
28:58 Imperial Age
27:37 Scale Barding Armor
27:43 Forging
27:46 Cavalier
28:27 Husbandry
29:07 Chain Barding Armor
29:51 Husbandry
30:46 Plate Barding Armor
29:58 Paladin
31:44 Iron Casting
32:12 Chemistry
32:21 Conscription
32:36 Padded Archer Armor
36:54 Ballistics
36:45 Masonry
36:15 Treadmill Crane
Connection lost

Rejoining the realm…

Still unreachable

The connection could not be restored.

Session expired

The server has moved on; the page needs a fresh start.